 Dungeon Crawl Stone Soup version 0.26-a0-667-g92642533e4 (webtiles) character file.

Game seed: 10428625327564838644

67 Ijustatesigmund the Sneak (level 3, -3/18 HPs)
             Began as a Spriggan Wanderer on Oct 16, 2020.
             Slain by a gnoll
             ... wielding a +0 spear
              (4 damage)
             ... on level 2 of the Dungeon.
             The game lasted 00:02:51 (1254 turns).

Ijustatesigmund the Sneak (Spriggan Wanderer)       Turns: 1254, Time: 00:02:52

Health: -3/18      AC:  3    Str: 10    XL:     3   Next: 98%
Magic:  8/8        EV: 18    Int: 13    God:
Gold:   62         SH:  0    Dex: 14    Spells: 6/7 levels left

rFire    + . .     SeeInvis +   l - +0 short sword
rCold    . . .     Faith    .   (shield restricted)
rNeg     . . .     Spirit   .   e - +0 robe
rPois    .         Reflect  .   (helmet restricted)
rElec    .         Harm     .   i - +0 cloak
rCorr    .         Rampage  .   (gloves unavailable)
MR       .....                  (boots unavailable)
Stlth    ++........             (no amulet)
HPRegen  0.06/turn              j - ring of protection from fire
MPRegen  0.11/turn              (no ring)

@: very quick
A: very small, unfitting armour, see invisible, speed 3
a: no special abilities


You were on level 2 of the Dungeon.
You visited 1 branch of the dungeon, and saw 2 of its levels.

You collected 62 gold pieces.

Inventory:

Hand Weapons
 a - a +0 shortbow
 l - a +0 short sword (weapon)
Missiles
 f - a poisoned dart (quivered)
 g - 13 bolts
Armour
 e - a +0 robe (worn)
 i - a +0 cloak (worn)
Jewellery
 j - a ring of protection from fire (left hand)
Scrolls
 k - a scroll of amnesia {unknown}
Potions
 b - a potion of flight {unknown}
 d - a potion of curing
 h - a potion of brilliance {unknown}


   Skills:
 + Level 1.5 Fighting
 + Level 0.0 Short Blades
 - Level 2.4 Bows
 + Level 3.5 Dodging
 + Level 3.7 Stealth
 - Level 2.6 Spellcasting
   Level 1.5 Translocations
   Level 2.6 Transmutations
   Level 1.3 Evocations


You had 6 spell levels left.
You knew the following spells:

 Your Spells              Type           Power        Failure   Level
a - Magic Dart            Conj           #...         24%         1

Your spell library contained the following spells:

 Spells                   Type           Power        Failure   Level
 Blink                    Tloc           N/A          19%         2
 Call Imp                 Summ           #.......     34%         2
 Slow                     Hex            #.......     34%         2
 Conjure Flame            Conj/Fire      #.......     56%         3
 Mephitic Cloud           Conj/Pois/Air  #.......     56%         3


Dungeon Overview and Level Annotations

Branches:
Dungeon (2/15)

Altars:


Innate Abilities, Weirdness & Mutations

You are very small and have problems with some larger weapons.
You are too small for most types of armour.
You have supernaturally acute eyesight. (SInv)
You cover ground extremely quickly.


Message History

The gnoll is poisoned.
You throw a poisoned dart.
The poisoned dart barely misses the gnoll.
l - a +0 short sword (weapon)
Things that are here:
a +0 club; 2 poisoned darts You see here an arrow.
You barely miss the gnoll.
The gnoll is lightly wounded.
The gnoll completely misses you.
You barely miss the gnoll.
The gnoll is lightly wounded.
The gnoll hits you with a +0 spear!
You hit the gnoll.
The gnoll is heavily wounded.
The gnoll looks more healthy.
The gnoll hits you with a +0 spear!
Ouch! That really hurt!
* * * LOW HITPOINT WARNING * * *
The gnoll hits you with a +0 spear.
You die...

#######.......
#....#..)(....
########.#.#........
#............(.(.(#
#.######.#g#.....(# #
#.#....#.#.#.#+##...#
#.#.##.#.#.#.#.####.#
#.#.##.#.#.#.#......#.##.
#.#.......>(..g@)<.......
#.####.#.#...#..#........
#......#+#)####..........
#####.......######(#####.
#................
#.......>.........
####.#.#..........
#.#.#.#####.#### #...#.#
....


You could see a gnoll.

Vanquished Creatures
  3 gnolls (D:2)
  2 oozes (D:1)
  2 leopard geckos (D:1)
  2 bats (D:1)
  A giant cockroach (D:2)
  A goblin (D:1)
  5 hobgoblins
  4 frilled lizards (D:1)
  3 kobolds (D:1)
  7 rats (D:1)
30 creatures vanquished.

Notes
Turn   | Place    | Note
-------+----------+-------------------------------------------
     0 | D:1      | Ijustatesigmund the Spriggan Wanderer began the quest for
                  | the Orb.
     0 | D:1      | Ijustatesigmund set off with the following items: a +0
                  | shortbow, 26 arrows, a potion of curing, a +0 robe; and the
                  | following spell memorised: Magic Dart; and the following
                  | spells available to memorise: Blink, Call Imp, Slow,
                  | Conjure Flame, Mephitic Cloud
     0 | D:1      | Reached XP level 1. HP: 9/9 MP: 5/5
   143 | D:1      | Reached XP level 2. HP: 14/14 MP: 6/6
   402 | D:1      | Reached skill level 1 in Fighting
   595 | D:1      | Reached XP level 3. HP: 18/18 MP: 8/8
  1254 | D:2      | Slain by a gnoll

Illustrated notes

Levels and vault maps discovered:
D:1:      noname_arrival_rooms_in_the_neighbourhood, layout_loops_cross
D:2:      layout_basic, lemuel_crystal_altar, nicolae_ru_awakened_eye

Skill      XL: |  1  2  3 |
---------------+----------+-----
Stealth        | 2 3 |  3.7
Dodging        | 2 3 |  3.5
Fighting       | 1 |  1.5
Bows           | |  2.4
Spellcasting   | |  2.6
Translocations | |  1.5
Transmutations | |  2.6
Evocations     | |  1.3

Action                   || total
-------------------------++-------
Melee: Short sword       ||     3
 Fire: Shortbow          ||    93
Throw: Dart              ||     5
Armor: Robe              ||     7
Dodge: Dodged            ||    36

Table legend: (Time is in decaauts)
 A = Elapsed time spent in this place.
 B = Non-inter-level travel time spent in this place.
 C = Inter-level travel time spent in this place.
 D = Time resting spent in this place.
 E = Time spent auto-exploring this place.
 F = Levels seen in this place.
 G = Mean time per level.
                   A        B        C        D        E       F      G
               +--------+--------+--------+--------+--------+-----+--------+
         Total |   1035 |   1029 |      6 |    429 |    406 |   2 |  517.5 |
       Dungeon |   1035 |   1029 |      6 |    429 |    406 |   2 |  517.5 |
               +--------+--------+--------+--------+--------+-----+--------+

Top non-repeatable levels by time:
     D:1: 923 daAuts
     D:2: 112 daAuts
